 Dungeon Crawl Stone Soup version 0.28.0-43-g3370ac3207 (webtiles) character file.

Game seed: 13084737209378365282

817 Pemander the Twirler (level 7, -2/51 HPs)
             Began as a Gnoll Wanderer on Mar 17, 2022.
             Killed by divine providence
             ... invoked by an orc priest
              (15 damage)
             ... on level 5 of the Dungeon.
             The game lasted 00:04:57 (3626 turns).

Pemander the Twirler (Gnoll Wanderer)               Turns: 3626, Time: 00:04:58

Health: -2/51      AC:  6    Str: 16    XL:     7   Next: 94%
Magic:  18/24      EV:  6    Int: 18    God:
Gold:   171        SH:  0    Dex: 14    Spells: 14/17 levels left

rFire   . . .      SeeInvis .   a - +2 quarterstaff
rCold   . . .      Faith    .   (shield currently unavailable)
rNeg    . . .      Spirit   .   k - +1 ring mail "Zuifoxka" {Harm MP+9 Int+6}
rPois   .          Reflect  .   (no helmet)
rElec   .          Harm     +   (no cloak)
rCorr   .          Rampage  .   (no gloves)
Will    .....                   (no boots)
Stlth   ++........              (no amulet)
HPRegen 0.17/turn               e - +6 ring of strength
MPRegen 0.19/turn               (no ring)

@: held
A: fangs 1, strong nose, distributed training
a: no special abilities


You were on level 5 of the Dungeon.
You visited 1 branch of the dungeon, and saw 5 of its levels.

You collected 171 gold pieces.

Inventory:

Hand Weapons
 a - a +2 quarterstaff (weapon)
Missiles
 c - 59 stones
Armour
 d - a +0 robe
 k - the +1 ring mail "Zuifoxka" (worn) {Harm MP+9 Int+6}
   (You found it on level 2 of the Dungeon)

   Int:       It affects your intelligence (+6).
   MP:        It affects your magic capacity (+9).
   Harm:      It increases damage dealt and taken.
Jewellery
 e - a +6 ring of strength (left hand)
 p - an amulet of reflection
Wands
 b - a wand of polymorph (4)
Scrolls
 j - a scroll of magic mapping {unknown}
 m - 2 scrolls of vulnerability {unknown}
 n - a scroll of torment {unknown}
 q - a scroll of fear {unknown}
 r - a scroll of identify {unknown}
Potions
 f - 2 potions of mutation {unknown}
 g - a potion of degeneration {unknown}
 h - a potion of heal wounds
 i - 3 potions of curing {unknown}
 l - a potion of magic {unknown}
 o - a potion of resistance {unknown}


   Skills:
 + Level 2.8 Fighting
 + Level 2.8 Short Blades
 + Level 2.8 Long Blades
 + Level 2.8 Axes
 + Level 2.8 Maces & Flails
 + Level 2.8 Polearms
 + Level 7.1 Staves
 + Level 2.8 Slings
 + Level 2.8 Bows
 + Level 2.8 Crossbows
 + Level 2.8 Throwing
 + Level 2.8 Armour
 + Level 3.8 Dodging
 + Level 2.8 Stealth
 + Level 2.8 Shields
 + Level 2.8 Unarmed Combat
 + Level 5.8 Spellcasting
 + Level 2.2 Conjurations
 + Level 2.2 Hexes
 + Level 2.2 Summonings
 + Level 2.2 Necromancy
 + Level 2.2 Translocations
 + Level 2.2 Transmutations
 + Level 2.2 Fire Magic
 + Level 2.2 Ice Magic
 + Level 2.2 Air Magic
 + Level 4.4 Earth Magic
 + Level 2.2 Poison Magic
 + Level 3.1 Invocations
 + Level 5.4 Evocations


You had 14 spell levels left.
You knew the following spells:

 Your Spells              Type           Power      Damage    Failure   Level
a - Sandblast             Erth           42%        2d11      3%          1
b - Wereblood             Tmut           13%        N/A       14%         2

Your spell library contained the following spells:

 Spells                   Type           Power      Damage    Failure   Level
 Beastly Appendage        Tmut           26%        N/A       9%          1
 Corpse Rot               Necr/Air       26%        N/A       14%         2
 Poisonous Vapours        Pois/Air       26%        N/A       14%         2
 Sublimation of Blood     Necr           13%        N/A       14%         2
 Stone Arrow              Conj/Erth      34%        3d9       17%         3
 Spider Form              Tmut/Pois      13%        N/A       26%         3
 Summon Hydra             Summ           6%         N/A       100%        7


Dungeon Overview and Level Annotations

Branches:
Dungeon (5/15)
 Temple: D:4-7

Altars:

Shops:
D:1 (


Innate Abilities, Weirdness & Mutations

You have very sharp teeth.
Your uncanny sense of smell can sniff out nearby items.
Your experience applies equally to all skills.


Message History

Confirm with . or Enter, or press ? or * to list all spells.
Aiming: Sandblast (safe; 3% risk of failure)
Press: ? - help, Shift-Dir - straight line, f/p - orc priest
Aim: an orc priest, wielding a +0 falchion (81% to hit)
The blast of sand hits the orc!
You kill the orc!
The orc priest calls down the wrath of Beogh upon you.
Pain shoots through your body!
* * * LOW HITPOINT WARNING * * *
Unknown command.
Casting: Sandblast (safe; 3% risk of failure)
Confirm with . or Enter, or press ? or * to list all spells.
Aiming: Sandblast (safe; 3% risk of failure)
Press: ? - help, Shift-Dir - straight line, f/p - orc priest
Aim: an orc priest, wielding a +0 falchion (81% to hit)
The blast of sand hits the howler monkey.
The howler monkey is lightly wounded.
The howler monkey hits you.
* * * LOW HITPOINT WARNING * * *
Casting: Sandblast (safe; 3% risk of failure)
Confirm with . or Enter, or press ? or * to list all spells.
Aiming: Sandblast (safe; 3% risk of failure)
Press: ? - help, Shift-Dir - straight line, f/p - orc priest
Aim: an orc priest, wielding a +0 falchion (81% to hit)
The blast of sand hits the howler monkey!
The howler monkey is heavily wounded.
The howler monkey hits you but does no damage.
Unknown command.
You struggle against the net.
The howler monkey hoots and howls with incredible vigour!
Casting: Sandblast (safe; 3% risk of failure)
Confirm with . or Enter, or press ? or * to list all spells.
Aiming: Sandblast (safe; 3% risk of failure)
Press: ? - help, Shift-Dir - straight line, f/p - orc priest
Aim: an orc priest, wielding a +0 falchion (81% to hit)
The blast of sand hits the howler monkey!
You kill the howler monkey!
The orc priest mumbles some strange prayers to Beogh against you.
Beogh smites you!
You die...

#.#.......<#.################
#.#.........................#
#.#....#.###รท##############.#
#.#....#.# #.# #.# #.#....#.#
#.# #.# #.##.#.#.# #.# #.#
..#.#.# #.# #.# ## #.#.# #)#
#.# ..#.. #@# #.#
#####.##o##############.#
........o...............#
.......#.################
.......#.# .......#.#
.........# ......#..#
......#..#


You could see an orc priest and an orc.

Vanquished Creatures
  A water moccasin (D:5)
  2 phantoms (D:4)
  A scorpion (D:5)
  A water moccasin skeleton (D:4)
  A howler monkey (D:5)
  A bullfrog zombie (D:5)
  3 hounds
  A gnoll shaman (D:5)
  3 orc wizards
  Natasha (twice) (D:4)
  5 gnolls (D:5)
  5 adders
  2 dart slugs
  13 orcs
  4 bats
  4 endoplasms
  5 giant cockroaches
  4 goblins
  8 hobgoblins
  6 jackals
  4 quokkas
  6 ball pythons
  6 kobolds
  5 rats (D:2)
93 creatures vanquished.

Vanquished Creatures (others)
  A plant (D:3)
1 creature vanquished.

Grand Total: 94 creatures vanquished

Notes
Turn   | Place    | Note
-------+----------+-------------------------------------------
     0 | D:1      | Pemander the Gnoll Wanderer began the quest for the Orb.
     0 | D:1      | Pemander set off with the following items: a +2
                  | quarterstaff, a wand of polymorph (4), 39 stones, a +0
                  | robe; and the following spell memorised: Sandblast; and the
                  | following spells available to memorise: Stone Arrow
     0 | D:1      | Reached XP level 1. HP: 13/13 MP: 6/6
   309 | D:1      | Reached XP level 2. HP: 19/19 MP: 5/7
   556 | D:1      | Found Faqaar's Weapon Shoppe.
   700 | D:1      | Reached XP level 3. HP: 22/25 MP: 9/9
   829 | D:1      | Reached skill level 5 in Spellcasting
  1073 | D:2      | Reached skill level 1 in Invocations
  1314 | D:2      | Reached skill level 1 in Fighting
  1314 | D:2      | Reached skill level 1 in Short Blades
  1314 | D:2      | Reached skill level 1 in Long Blades
  1314 | D:2      | Reached skill level 1 in Axes
  1314 | D:2      | Reached skill level 1 in Maces & Flails
  1314 | D:2      | Reached skill level 1 in Polearms
  1314 | D:2      | Reached skill level 1 in Slings
  1314 | D:2      | Reached skill level 1 in Bows
  1314 | D:2      | Reached skill level 1 in Crossbows
  1314 | D:2      | Reached skill level 1 in Throwing
  1314 | D:2      | Reached skill level 1 in Armour
  1314 | D:2      | Reached skill level 1 in Stealth
  1314 | D:2      | Reached skill level 1 in Shields
  1314 | D:2      | Reached skill level 1 in Unarmed Combat
  1507 | D:2      | Identified the +1 ring mail "Zuifoxka" {Harm MP+9 Int+6}
  1646 | D:2      | Identified the +3 short sword of Piud {freeze, Str+2 Int+3}
  1656 | D:2      | Reached XP level 4. HP: 32/32 MP: 11/11
  2052 | D:3      | Reached skill level 1 in Conjurations
  2052 | D:3      | Reached skill level 1 in Hexes
  2052 | D:3      | Reached skill level 1 in Summonings
  2052 | D:3      | Reached skill level 1 in Necromancy
  2052 | D:3      | Reached skill level 1 in Translocations
  2052 | D:3      | Reached skill level 1 in Transmutations
  2052 | D:3      | Reached skill level 1 in Fire Magic
  2052 | D:3      | Reached skill level 1 in Ice Magic
  2052 | D:3      | Reached skill level 1 in Air Magic
  2052 | D:3      | Reached skill level 1 in Poison Magic
  2242 | D:3      | Reached XP level 5. HP: 37/37 MP: 12/12
  2407 | D:3      | Found a faded altar of an unknown god.
  2680 | D:4      | Noticed a phantom
  2691 | D:4      | Killed a phantom
  2692 | D:4      | Reached XP level 6. HP: 35/44 MP: 13/13
  2868 | D:4      | Reached skill level 5 in Evocations
  3087 | D:4      | Noticed Natasha
  3092 | D:4      | Killed Natasha
  3193 | D:4      | Reached XP level 7. HP: 50/50 MP: 15/15
  3255 | D:4      | Noticed Natasha
  3259 | D:4      | Killed Natasha
  3384 | D:5      | Entered Level 5 of the Dungeon
  3392 | D:5      | Reached skill level 7 in Staves
  3422 | D:5      | Learned a level 2 spell: Wereblood
  3626 | D:5      | Killed from afar by an orc priest

Illustrated notes

Levels and vault maps discovered:
D:1:      dpeg_arrival_snail, layout_basic, serial_shops, nicolae_shop_stone,
          serial_park_tiny_2, glass_columns_a, minivault_26,
          serial_bayou_pond_b, hangedman_decor_points
D:2:      layout_rooms, minmay_pentomino_u2
D:3:      layout_rooms, shapermc_ecumenical_altar_acropolis
D:4:      layout_basic, uniq_natasha
D:5:      layout_basic, corexii_leaking_fountain, kennysheep_small_circle,
          uniq_eustachio

Skill      XL: |  1  2  3  4  5  6  7 |
---------------+----------------------+-----
Spellcasting   | 5 |  5.8
Invocations    | 1 2 3 |  3.1
Fighting       | 1 2 |  2.8
Short Blades   | 1 2 |  2.8
Long Blades    | 1 2 |  2.8
Axes           | 1 2 |  2.8
Maces & Flails | 1 2 |  2.8
Polearms       | 1 2 |  2.8
Slings         | 1 2 |  2.8
Bows           | 1 2 |  2.8
Crossbows      | 1 2 |  2.8
Throwing       | 1 2 |  2.8
Armour         | 1 2 |  2.8
Stealth        | 1 2 |  2.8
Shields        | 1 2 |  2.8
Unarmed Combat | 1 2 |  2.8
Conjurations   | 1 2 |  2.2
Hexes          | 1 2 |  2.2
Summonings     | 1 2 |  2.2
Necromancy     | 1 2 |  2.2
Translocations | 1 2 |  2.2
Transmutations | 1 2 |  2.2
Fire Magic     | 1 2 |  2.2
Ice Magic      | 1 2 |  2.2
Air Magic      | 1 2 |  2.2
Poison Magic   | 1 2 |  2.2
Dodging        | 3 |  3.8
Earth Magic    | 4 |  4.4
Evocations     | 5 |  5.4
Staves         | 7 |  7.1

Action                   |  1- 3 |  4- 6 |  7- 9 || total
-------------------------+-------+-------+-------++-------
Melee: Quarterstaff      |    41 |    52 |    35 ||   128
       Bite              |     4 |     6 |     5 ||    15
 Cast: Sandblast         |    33 |    31 |    18 ||    82
       Wereblood         |       |       |     2 ||     2
  Use: Potion            |       |       |     1 ||     1
 Stab: Sleeping          |     1 |     1 |     1 ||     3
Armor: Robe              |     5 |       |       ||     5
       Ring mail         |     1 |    30 |     7 ||    38
Dodge: Dodged            |    25 |    45 |    30 ||   100
